 Dungeon Crawl Stone Soup version bcrawl-1.27.5 (webtiles) character file.

Game seed: 7830095982742375317

92206 Freyura the Twirler (level 2, -3/23 HPs)
             Began as a Demonspawn Gladiator on Aug 17, 2020.
             Slain by a worm (4 damage)
             ... on level 1 of the Dungeon.
             The game lasted 00:02:32 (1026 turns).

Freyura the Twirler (Demonspawn Gladiator)          Turns: 1026, Time: 00:02:33

Health: -3/23      AC:  7    Str: 14    XL:     2   Next: 65%
Magic:  0/2        EV: 12    Int:  9    God:
Gold:   65         SH:  0    Dex: 14    Spells: 1/1 levels left

rFire    . . .     SeeInvis .   a - +0 quarterstaff
rCold    . . .     Gourm    .   (shield currently unavailable)
rNeg     . . .     Faith    .   g - +0 ring mail
rPois    .         Spirit   +   c - +0 helmet
rElec    .         Reflect  .   (no cloak)
rCorr    .         Harm     .   (no gloves)
MR       .....                  (no boots)
Stlth    +.........             k - amulet of guardian spirit
HPRegen  0.07/turn              (no ring)
MPRegen  0.08/turn              (no ring)

@: no status effects
A: rugged brown scales 1
a: no special abilities


You were on level 1 of the Dungeon.
You were hungry.

You visited 1 branch of the dungeon, and saw 2 of its levels.

You collected 65 gold pieces.

Inventory:

Hand Weapons
 a - a +0 quarterstaff (weapon)
Missiles
 d - 3 throwing nets {=f}
Armour
 b - a +0 leather armour
 c - a +0 helmet (worn)
 g - a +0 ring mail (worn)
Jewellery
 k - an amulet of guardian spirit (around neck)
Scrolls
 f - 2 scrolls of teleportation {unknown}
 h - a scroll of identify
 i - a scroll of enchant weapon {unknown}
 m - a scroll of magic mapping {unknown}
Potions
 j - a potion of ambrosia {unknown}
 l - a potion of flight {unknown}
 n - a potion of brilliance {unknown}
 o - a potion of magic {unknown}
Comestibles
 e - a ration {!d}


   Skills:
 + Level 2.3 Fighting
 * Level 3.2 Staves
 - Level 1.7 Throwing
 + Level 2.9 Dodging


You had one spell level left.
You didn't know any spells.
Your spell library was empty.

Dungeon Overview and Level Annotations

Branches:
Dungeon (2/12)

Altars:


Innate Abilities, Weirdness & Mutations

You are partially covered in rugged brown scales. (AC +1, +3% HP)


Message History

The hobgoblin hits you but does no damage.
You climb upwards.
There is a stone staircase leading down here.
You barely miss the worm.
The worm is lightly wounded.
The frilled lizard bites you but does no damage.
The worm misses you. The hobgoblin misses you.
You hit the worm.
The worm is moderately wounded.
The frilled lizard closely misses you.
The hobgoblin hits you but does no damage.
You sock the worm!
The worm is severely wounded.
The frilled lizard barely misses you. The worm bites you!
* * * LOW HITPOINT WARNING * * *
The hobgoblin hits you but does no damage.
You hit the worm.
The worm is almost dead.
The frilled lizard barely misses you. The worm bites you.
You die...

#.# #.........# #.##.##+####
######.# #.#.......###.##.##.#...
.......# #.......................
##########.......................
#...≈≈≈≈≈≈≈≈≈≈≈≈≈≈≈≈≈≈≈≈≈ ###
#...≈≈≈≈≈≈≈≈≈≈≈≈≈≈≈≈≈≈≈≈≈ ..#
#...≈≈≈≈≈≈≈≈≈≈≈≈≈≈≈≈≈≈≈≈≈ #.#
#...≈≈≈#+#+#≈≈≈≈≈≈≈#+#+#≈ #.#
#...≈≈≈+@w.##+###+##..(+≈ #.#
#...≈≈≈+gl.'.......'...+≈ #.#
##...≈≈≈#+###.#####.###'#≈ ..#
#.....≈≈≈≈#...#...#...'≈≈≈ ###
#...⌠..≈≈≈'.⌠.'...###.#≈≈≈
########...⌠..≈≈≈'.⌠.'.<.###.#≈≈≈
.............≈≈≈≈#...#...#...'≈≈≈
###..####...≈≈≈#'#'#.#####.###'#≈
#.#..####...≈≈≈+...#.......#...+≈


You could see a worm, a hobgoblin and a frilled lizard.

Vanquished Creatures
  2 jackals (D:1)
  A quokka (D:1)
  3 bats (D:1)
  5 goblins (D:1)
  6 kobolds
  3 rats (D:1)
20 creatures vanquished.

Notes
Turn   | Place    | Note
-------+----------+-------------------------------------------
     0 | D:1      | Freyura the Demonspawn Gladiator began the quest for the
                  | Orb.
     0 | D:1      | Reached XP level 1. HP: 16/16 MP: 1/1
   435 | D:1      | Reached skill level 3 in Staves
   441 | D:1      | Gained mutation: You are partially covered in rugged brown
                  | scales. (AC +1, +3% HP) [demonic ancestry]
   441 | D:1      | Reached XP level 2. HP: 16/22 MP: 2/2
  1025 | D:1      | HP: 1/23 [worm (9)]
  1026 | D:1      | Slain by a worm

Skill      XL: |  1 |
---------------+----+-----
Staves         | 3 |  3.2
Fighting       | |  2.3
Throwing       | |  1.7
Dodging        | |  2.9

Action                   || total
-------------------------++-------
Melee: Quarterstaff      ||    76
  Eat: Chunk             ||     2
Armor: Ring mail         ||    41
Dodge: Dodged            ||    66
